[Event "Live Chess"]
[Site "Chess.com"]
[Date "2024.06.01"]
[Round "-"]
[White "sshamil"]
[Black "Stanbad1"]
[Result "0-1"]
[WhiteElo "1678"]
[BlackElo "2678"]
[TimeControl "300"]
[EndTime "10:54:11 PDT"]
[Termination "Stanbad1 won by resignation"]

1. g3 Nf6 2. Nc3 g6 3. d3 Bg7 4. Nf3 d6 5. Bg2 O-O 6. O-O Nbd7 7. e4 c5 8. Be3 Rb8 9. Rb1 b5 10. b3 Ng4 11. Nd5 e6 12. Nf4 Nxe3 13. fxe3 Bb7 14. Qe2 a6 15. d4 Bxe4 16. dxc5 Nxc5 17. Rbc1 Qb6 18. Nd3 Nxd3 19. cxd3 Bb7 20. d4 Rbc8 21.
Qd3 e5 22. d5 f5 23. Nd2 e4 24. Qe2 Bxd5 25. Rfd1 Bb7 26. a4 d5 27. axb5 axb5 28. Bf1 d4 29. exd4 Bxd4+ 30. Kh1 b4 31. Nc4 Qf6 32. Bg2 Rfd8 33. Rf1 Bc3 34. Na5 Bd5 35.
Nc4 Bxc4 36. bxc4 Qd4 37. Rfd1 Qc5 38. g4 Rxd1+ 39. Rxd1 Qxc4 40. Qc2 b3 41. Qf2 Rf8 42. gxf5 Rxf5 43. Qb6 Bg7 44. Rd8+ Bf8 45. h3 Qc1+ 46.
Kh2 Qf4+ 47. Kh1 Qc1+ 48. Kh2 Qc4 49. Qb8 e3 50. Rxf8+ Rxf8 51. Qe5 Qf4+ 0-1

[Event "Live Chess"]
[Site "Chess.com"]
[Date "2024.06.01"]
[Round "-"]
[White "TigerTank70"]
[Black "Nazar-Makarchuk"]
[Result "1-0"]
[WhiteElo "2198"]
[BlackElo "1548"]
[TimeControl "300"]
[EndTime "10:54:12 PDT"]
[Termination "TigerTank70 won by resignation"]

1. e4 d5 2. exd5 Nf6 3. d4 Qxd5 4. Nf3 Nc6 5. c4 Qe4+ 6. Be2 Bg4 7. Nc3 Qf5 8. h3 Bxf3 9. Bxf3 O-O-O 10. Bxc6 Qe6+ 11. Be3 Qxc6 12. O-O Ne4 13. Nxe4 Qxe4 14. Qa4 a6 15. b4 Qd3 16. b5 axb5 17. cxb5 e6 18. Qa8+ Kd7 19.
Qxb7 Bd6 20. Rac1 Rb8 21. Qc6+ Ke7 22. a4 Qa3 23. Ra1 Qb3 24. Rfb1 Qd3 25. Qf3 f6 26. Qg4 Qg6 27. Qxg6 hxg6 28. a5 e5 29. d5 f5 30. f3 Rb7 31. a6 Rbb8 32. a7 Ra8 33. b6 cxb6 34. Rxb6 Rhc8 35. Rb7+ Rc7 36.
Rxc7+ Bxc7 37. Ra6 Kf7 38. d6 Bd8 39. Kf2 f4 40. Bc5 Ke6 41. Ke2 Kd5 42. Bf2 g5 43.
Kd3 Bf6 44. d7 Bd8 45. Be1 Kc5 46. Ke4 Kb5 47. Ra2 Kb6 48. Kxe5 Kb7 49. Bf2 Kc7 50. Ke6 g6 51. Rc2+ Kb7 52. Rc8 Rxa7 53. Bxa7 Kxa7 54.
Rxd8 Kb7 55. Rg8 1-0

[Event "Live Chess"]
[Site "Chess.com"]
[Date "2024.06.01"]
[Round "-"]
[White "grillage"]
[Black "peteopeteo"]
[Result "1-0"]
[WhiteElo "1898"]
[BlackElo "1617"]
[TimeControl "300"]
[EndTime "10:54:19 PDT"]
[Termination "grillage won by checkmate"]

1. d4 d5 2. Nf3 Bf5 3. c4 c6 4.
Nc3 e6 5. cxd5 cxd5 6. Bf4 a6 7.
e3 Bb4 8. Bd3 Bxd3 9. Qxd3 Nf6 10. O-O O-O 11. a3 Bxc3 12. Qxc3 Nc6 13. b4 Rc8 14. Qd3 Ne4 15. Rac1 Ne7 16. Ne5 Nc6 17. Nxc6 Rxc6 18. Rxc6 bxc6 19. Rc1 Qb6 20. h3 Rc8 21. f3 Nf6 22. Bd6 Qb5 23. Qxb5 axb5 24. g4 Ne8 25. Bc5 Rd8 26. Kf2 Nd6 27. Bxd6 Rxd6 28. Kg3 f6 29. Kf4 g5+ 30. Kg3 Kf7 31. h4 h6 32.
hxg5 hxg5 33. Rh1 Kg6 34. Rh8 Rd7 35. Ra8 Kf7 36. Ra6 Rc7 37. f4 gxf4+ 38. exf4 Ke7 39. Kh4 Kf7 40. g5 Kg6 41. Kg4 Rc8 42. Ra7 e5 43. f5# 1-0

[Event "Live Chess"]
[Site "Chess.com"]
[Date "2024.06.01"]
[Round "-"]
[White "SirGerhard"]
[Black "Duke_of_Bebington"]
[Result "1-0"]
[WhiteElo "2771"]
[BlackElo "1628"]
[TimeControl "300"]
[EndTime "10:54:24 PDT"]
[Termination "SirGerhard won by resignation"]

1. d4 d5 2. c4 c6 3. Nf3 Nf6 4. Nc3 dxc4 5. e4 b5 6. e5 Nd5 7. a4 a6 8. axb5 Nxc3 9. bxc3 cxb5 10. Ng5 h6 11. Nxf7 Kxf7 12. Qf3+ Kg8 13. Qxa8 Nd7 14. Qd5+ Kh7 15. e6 Nf6 16. Qxd8 1-0

[Event "Live Chess"]
[Site "Chess.com"]
[Date "2024.06.01"]
[Round "-"]
[White "road2gm5000"]
[Black "resipsa6"]
[Result "0-1"]
[WhiteElo "1078"]
[BlackElo "2036"]
[TimeControl "300"]
[EndTime "10:54:34 PDT"]
[Termination "resipsa6 won by resignation"]

1. e4 c5 2. Nf3 d6 3. Bb5+ Bd7 4. Bxd7+ Nxd7 5. d4 cxd4 6. Nxd4 Ngf6 7. Nc3 e5 8.
Nde2 a6 9. f3 Nc5 10. Bg5 Be7 11. Bxf6 Bxf6 12. Nd5 O-O 13. O-O Rc8 14. Nec3 b5 15.
a3 Be7 16. Nxe7+ Qxe7 0-1

[Event "Live Chess"]
[Site "Chess.com"]
[Date "2024.06.01"]
[Round "-"]
[White "koekoekoe"]
[Black "febray_27"]
[Result "1-0"]
[WhiteElo "2103"]
[BlackElo "2003"]
[TimeControl "300"]
[EndTime "10:54:41 PDT"]
[Termination "koekoekoe won by resignation"]

1. d4 Nf6 2. Bf4 g6 3. e3 Bg7 4. Nf3 O-O 5. Bc4 d5 6. Bb3 Nbd7 7. O-O c5 8. c3 c4 9. Bc2 Re8 10. Nbd2 b6 11. Ne5 Nh5 12. Nc6 Nxf4 13. Nxd8 Rxd8 14. exf4 Nf6 15. Re1 e6 16. Nf3 b5 17. Ne5 Bb7 18. a3 a5 19. b3 Nh5 20. g3 f6 21. Nf3 Kf7 22. bxc4 dxc4 23. Rb1 Bc6 24. Be4 Bxe4 25. Rxe4 Rab8 26. Qe1 Bf8 27. Rxe6 1-0

[Event "Live Chess"]
[Site "Chess.com"]
[Date "2024.06.01"]
[Round "-"]
[White "PatientChessPapa"]
[Black "bill77678"]
[Result "0-1"]
[WhiteElo "784"]
[BlackElo "1837"]
[TimeControl "300"]
[EndTime "10:54:51 PDT"]
[Termination "bill77678 won by resignation"]

1. e4 c6 2. d4 d5 3. exd5 cxd5 4. c4 Nf6 5. Nc3 Nc6 6. Nf3 a6 7. Bg5 Bg4 8. Bxf6 exf6 9. cxd5 Nb4 10. h3 Bxf3 11. Qxf3 Nc2+ 12. Kd1 Nxa1 13. Bd3 Be7 14. Re1 O-O 15. Qe4 g6 16. Qxe7 Qb6 17. Kc1 Qxd4 18.
Qe3 Qb4 19. Qd2 Rac8 20. Re7 Qxe7 0-1

[Event "Live Chess"]
[Site "Chess.com"]
[Date "2024.06.01"]
[Round "-"]
[White "DoctorMantisTobogganMD"]
[Black "Ferrarifan27"]
[Result "1-0"]
[WhiteElo "2195"]
[BlackElo "2089"]
[TimeControl "300"]
[EndTime "10:54:58 PDT"]
[Termination "DoctorMantisTobogganMD won by resignation"]

1. e4 e5 2. Nc3 Nf6 3. Bc4 Nc6 4. d3 Bb4 5. Ne2 O-O 6. O-O d6 7. f4 Bg4 8. h3 Bxc3 9. hxg4 Ba5 10. g5 Ng4 11. f5 Bb6+ 12. Kh1 Nf2+ 13. Rxf2 Bxf2 14. Qf1 Bb6 15. f6 g6 16. g4 Qd7 17.
Qh3 Kh8 18. Kg2 Nb4 19. Bd2 h5 20. Bxb4 Qxg4+ 21. Qxg4 hxg4 22. Rh1+ Kg8 23. Rh6 c6 24.
Rxg6+ Kh7 25. Rg7+ Kh8 26. Bxd6 Rad8 27. Bxf8 1-0

[Event "Live Chess"]
[Site "Chess.com"]
[Date "2024.06.01"]
[Round "-"]
[White "MagnersCarlsberg2870"]
[Black "Sacbutt"]
[Result "1-0"]
[WhiteElo "1908"]
[BlackElo "2361"]
[TimeControl "300"]
[EndTime "10:55:02 PDT"]
[Termination "MagnersCarlsberg2870 won by resignation"]

1. Nf3 e6 2. g3 d5 3. d3 Nf6 4.
Nbd2 Be7 5. Bg2 O-O 6. O-O c5 7.
e4 Nc6 8. Re1 b5 9. Nf1 Qc7 10. e5 Nd7 11. Bf4 a5 12. h4 Bb7 13.
Ng5 h6 14. Nh3 Ncxe5 15. Qh5 Bd6 16. Bxh6 gxh6 17. Qxh6 f6 18. f4 Nf7 19. Qg6+ Kh8 20. Qh5+ Kg7 21. Qg4+ Kh7 22. Qh5+ Kg7 23. Qg4+ Kh6 24.
Rxe6 Rg8 25. Ng5 Nxg5 26. hxg5+ Kg7 27. gxf6+ Kf7 28. Qf5 Rg6 29. Rae1 Rag8 30. Re7+ Bxe7 31. Rxe7+ Kf8 32. Rxd7 Bc8 33. Bxd5 Bxd7 34. Qe4 Rxg3+ 35. Nxg3 Rxg3+ 36. Kf2 Rg7 37. fxg7+ Kxg7 38. Qe5+ Qxe5 39. fxe5 Kg6 40. Ke3 Kf5 41. e6 Be8 42. c3 Ke5 43. c4 bxc4 44. Bxc4 Bc6 45. a3 Be8 46. Bb3 Bc6 47.
Bc4 Be8 48. b3 Bc6 49. a4 Be8 50. Kf3 Bc6+ 51. Kg4 Be8 52. Kg5 Kd4 53. Kf6 Kc3 54.
e7 1-0

[Event "Live Chess"]
[Site "Chess.com"]
[Date "2024.06.01"]
[Round "-"]
[White "Frankie_Badacsonyi"]
[Black "SavagePawn7"]
[Result "1-0"]
[WhiteElo "2437"]
[BlackElo "684"]
[TimeControl "300"]
[EndTime "10:55:15 PDT"]
[Termination "Frankie_Badacsonyi won by checkmate"]

1. Nf3 Nc6 2. e3 e6 3. d4 d5 4.
Bd3 Bb4+ 5. Bd2 Bxd2+ 6. Nbxd2 Nf6 7. O-O O-O 8. c3 Re8 9. e4 e5 10. Re1 exd4 11. cxd4 dxe4 12. Nxe4 Nxe4 13. Bxe4 Bg4 14. Bxc6 bxc6 15. Rxe8+ Qxe8 16. h3 Bxf3 17. Qxf3 Rd8 18.
Qe3 Qd7 19. Rc1 Qxd4 20. Qxd4 Rxd4 21. Rxc6 Rd2 22. Rxc7 Rxb2 23. Rc8# 1-0

[Event "Live Chess"]
[Site "Chess.com"]
[Date "2024.06.01"]
[Round "-"]
[White "Richardallis"]
[Black "Golden_Plans"]
[Result "1-0"]
[WhiteElo "2006"]
[BlackElo "2246"]
[TimeControl "300"]
[EndTime "10:55:24 PDT"]
[Termination "Richardallis won by checkmate"]

1. d4 e5 2. dxe5 Nc6 3. f4 g5 4.
fxg5 Nxe5 5. Nf3 Nxf3+ 6. exf3 h6 7. Bc4 hxg5 8. Qd5 Qe7+ 9. Kd1 Qd6 10. Re1+ Kd8 11. Qxd6 Bxd6 12. Bxf7 Rxh2 13. Bxg8 Rxg2 14. Bf7 Be7 15. Nc3 d6 16. Be3 Bf5 17. Rg1 Bxc2+ 18.
Kc1 Rxg1+ 19. Bxg1 Bf5 20. Ne4 g4 21. Ng3 Bg5+ 22.
Kd1 Bd7 23. fxg4 Bxg4+ 24. Kc2 Bh4 25. Bf2 Kd7 26. Rh1 Rf8 27. Rxh4 Rxf7 28. Bxa7 Be6 29. Bd4 c5 30. Bc3 Rf3 31. Ne2 Rf2 32. Kd2 Bxa2 33.
Ke3 Rg2 34. b4 Bc4 35. Rxc4 b5 36. Rh4 Kc6 37. Rh6 Rg5 38. Kd3 c4+ 39. Ke3 Kd5 40.
Rh5 Rxh5 41. Nf4+ Kc6 42. Nxh5 Kd7 43. Kd4 Ke6 44. Nf4+ Kf5 45. Nd5 Ke6 46. Nc7+ Kd7 47. Nxb5 Kc6 48. Na3 d5 49. b5+ Kd6 50. Bb4+ Ke6 51. b6 Kd7 52. Kxd5 c3 53. Bxc3 Kc8 54. Kc6 Kb8 55. Nb5 Kc8 56. b7+ Kd8 57. b8=Q+ Ke7 58.
Qd6+ Kf7 59. Qf6+ Kg8 60. Qg7# 1-0

[Event "Live Chess"]
[Site "Chess.com"]
[Date "2024.06.01"]
[Round "-"]
[White "gmnorfolk"]
[Black "LL220284LL"]
[Result "0-1"]
[WhiteElo "2126"]
[BlackElo "2583"]
[TimeControl "300"]
[EndTime "10:55:31 PDT"]
[Termination "LL220284LL won on time"]

1. c4 c6 2. d4 g6 3. Nf3 Bg7 4. g3 d6 5. Bg2 Nd7 6. O-O Ngf6 7.
Nc3 O-O 8. e4 e5 9. Re1 Qc7 10. d5 c5 11. Nb5 Qb8 12. a3 a6 13.
Nc3 Qc7 14. Rb1 Re8 15. Bf1 Nf8 16. b4 N8d7 17. Na4 b6 18. h3 Rb8 19. bxc5 Nxc5 20.
Nxc5 bxc5 21. Bd2 Bd7 22. Qc2 Rec8 23. Rxb8 Rxb8 24. Rb1 Qc8 25. Kh2 Qe8 26. Bd3 h6 27. Ba5 Qc8 28. Ng1 Kh7 29. f3 Nh5 30. Be1 Bf6 31. Rxb8 Qxb8 32. Qb1 Qxb1 33. Bxb1 Bd8 34. Ne2 Kg7 35. Bc3 Kf8 36. f4 exf4 37. gxf4 Ba4 38. e5 Be7 39. f5 gxf5 40. Bxf5 dxe5 41. Bxe5 Bf6 42. Bd6+ Be7 43. Bc7 Ke8 44. Bc8 Bd1 45. Nc3 Bb3 46. d6 Bxc4 47. d7+ Kf8 48. Kg1 Be6 49.
Ne4 c4 50. Nc3 Nf6 51. Kf2 Bxd7 52. Bxd7 Nxd7 53. Ba5 Bc5+ 0-1

[Event "Live Chess"]
[Site "Chess.com"]
[Date "2024.06.01"]
[Round "-"]
[White "JohanKjeldahl"]
[Black "Zhevzh1k7"]
[Result "1-0"]
[WhiteElo "1852"]
[BlackElo "1074"]
[TimeControl "300"]
[EndTime "10:55:35 PDT"]
[Termination "JohanKjeldahl won by resignation"]

1. e4 c6 2. d4 d5 3. Nc3 dxe4 4.
Nxe4 Bf5 5. Ng3 Bg6 6. Nf3 Nd7 7. h4 h6 8. h5 Bh7 9. Bd3 Ngf6 10. c3 e6 11. Bxh7 Nxh7 12. Bf4 Ndf6 13. Qb3 Qb6 14.
Ne5 Qxb3 15. axb3 Bd6 16. Kd2 Nd5 17. Ne2 f6 18. Ng6 Bxf4+ 19. Nexf4 Rg8 20. Nxe6 Kf7 21.
Nc5 b6 22. Ne4 f5 23. Nd6+ Kf6 24. c4 Ne7 25. Nxe7 Kxe7 26. Nxf5+ Kf6 27. g4 g6 28. hxg6 Rxg6 29. f3 Ng5 30. Rhf1 c5 31. d5 Nf7 32.
Rfe1 h5 33. Ne7 Rg5 34. Re6+ Kg7 35. Nf5+ Rxf5 36. gxf5 Rh8 37. Rxa7 h4 38. Rg6+ Kf8 39. Rf6 Rh7 40. d6 Ke8 41. d7+ Kd8 42. Re6 Rh8 43.
Rxb6 h3 44. Rb8+ Ke7 45. Rxh8 Nxh8 46. d8=Q+ Kxd8 47. Ra8+ Ke7 48. Rxh8 Kf6 49. Ke3 Kxf5 50. Rxh3 Ke5 51. Rh5+ Kf6 52. Kf4 1-0

[Event "Live Chess"]
[Site "Chess.com"]
[Date "2024.06.01"]
[Round "-"]
[White "elephantgerrald"]
[Black "Sokolik_UA"]
[Result "0-1"]
[WhiteElo "740"]
[BlackElo "804"]
[TimeControl "300"]
[EndTime "10:55:40 PDT"]
[Termination "Sokolik_UA won by checkmate"]

1. e4 e6 2. d4 d5 3. e5 c5 4. dxc5 Bxc5 5. Nf3 Bd7 6. Nc3 Bc6 7. Bd3 Nd7 8. O-O Qe7 9. Re1 O-O-O 10. Be3 Bxe3 11.
Rxe3 h5 12. Qe2 h4 13. Ba6 h3 14. g3 f5 15. Nxd5 Bxd5 16. Rc3+ Bc6 17. Bxb7+ Kxb7 18.
Rb3+ Kc7 19. Qa6 Rb8 20. Qxa7+ Rb7 21. Rxb7+ Bxb7 22. Rd1 Nxe5 23. Nxe5 Qb4 24. Rd7+ Kc8 25. c3 Qe4 26. Qc5+ Bc6 27. f3 Qe1# 0-1

[Event "Live Chess"]
[Site "Chess.com"]
[Date "2024.06.01"]
[Round "-"]
[White "kylet1990"]
[Black "NeilDruggan73"]
[Result "1-0"]
[WhiteElo "740"]
[BlackElo "1729"]
[TimeControl "300"]
[EndTime "10:55:41 PDT"]
[Termination "kylet1990 won by checkmate"]

1. e4 d6 2. d4 Nf6 3. Nc3 g6 4. e5 dxe5 5. dxe5 Qxd1+ 6. Nxd1 Nd5 7. Bc4 Nb4 8. a3 Be6 9. Bxe6 Nxc2+ 10. Kd2 Nxa1 11.
Ba2 Nc6 12. Kc3 Nxe5 13. Nf3 Nc6 14. Ne3 Rd8 15. Bd2 Bg7+ 16. Kc4 Bxb2 17. Bc3 Bxa3 18. Rxa1 O-O 19. Kb3 Bd6 20. Ng5 h6 21. Ne4 Bf4 22. Ka3 e5 23. g3 Bxe3 24. fxe3 b5 25. Bd2 b4+ 26. Bxb4 Rd3+ 27. Bb3 Rxe3 28. Bxf8 Kxf8 29. Nc5 Nd4 30. Rb1 a5 31. Ka4 Ke7 32. Na6 c6 33. Bd1 Re4 34. Rb7+ Kd6 35. Kxa5 Re1 36. Bg4 Ra1+ 37.
Kb6 f5 38. Nb8 f4 39. Rd7# 1-0

[Event "Live Chess"]
[Site "Chess.com"]
[Date "2024.06.01"]
[Round "-"]
[White "chess5013"]
[Black "booktrunk"]
[Result "1-0"]
[WhiteElo "1250"]
[BlackElo "1389"]
[TimeControl "300"]
[EndTime "10:55:55 PDT"]
[Termination "chess5013 won by checkmate"]

1. d4 b6 2. e4 e6 3. Nc3 Nf6 4. Nf3 Bb7 5. d5 exd5 6. exd5 Qe7+ 7. Be2 Qd6 8. Bc4 a6 9. O-O Be7 10. Bg5 O-O 11. Bxf6 Bxf6 12. Re1 h6 13. Qd3 b5 14.
Bb3 Qf4 15. Re4 Qd6 16. Re2 c6 17. Ne4 Qf4 18. Nxf6+ Qxf6 19. d6 c5 20. c4 b4 21.
Re7 Bc8 22. Ba4 Qxb2 23. Rae1 Qxa2 24. Bc2 Nc6 25. Qh7# 1-0

[Event "Live Chess"]
[Site "Chess.com"]
[Date "2024.06.01"]
[Round "-"]
[White "Grace6363"]
[Black "blunderabit"]
[Result "0-1"]
[WhiteElo "1142"]
[BlackElo "1803"]
[TimeControl "300"]
[EndTime "10:56:11 PDT"]
[Termination "blunderabit won by checkmate"]

1. d4 d5 2. c4 dxc4 3. e4 Nf6 4. e5 Nd5 5. Bxc4 Nb6 6. Bb3 Nc6 7. Nf3 Bf5 8. Nc3 e6 9. O-O Nb4 10. a3 N4d5 11. Nxd5 Nxd5 12. Bd2 c6 13. Rc1 Be7 14. Bxd5 Qxd5 15. Qe2 O-O 16. Qc4 Be4 17. Qxd5 Bxd5 18. Rc2 f5 19. Ne1 g5 20. f3 h5 21. g3 g4 22.
fxg4 hxg4 23. Nd3 Kf7 24. Nf4 Bf3 25. Bb4 Bxb4 26. axb4 a6 27. d5 exd5 28. e6+ Ke7 29. Ng6+ Kxe6 30. Nxf8+ Rxf8 31. Re1+ Kf6 32. Kf2 Rh8 33.
Kg1 Rh7 34. Rc3 Re7 35. Rxe7 Kxe7 36. Re3+ Be4 37. Kf2 d4 38. Rb3 Kd6 39. Ke2 Kd5 40.
Kd2 Kc4 41. Ra3 Kxb4 42. Kc1 c5 43. Kd2 a5 44. Kc1 b6 45. Kd2 c4 46. Ra1 c3+ 47.
bxc3+ dxc3+ 48. Kc1 c2 49. Ra2 a4 50. Rb2+ Kc5 51.
Ra2 b5 52. Ra3 Kc4 53. Re3 b4 54. Re1 a3 55. Re3 b3 56. Re2 b2+ 57. Kd2 c1=Q# 0-1

[Event "Live Chess"]
[Site "Chess.com"]
[Date "2024.06.01"]
[Round "-"]
[White "Yarigo"]
[Black "updatedopenings2024"]
[Result "0-1"]
[WhiteElo "2350"]
[BlackElo "1911"]
[TimeControl "300"]
[EndTime "10:56:13 PDT"]
[Termination "updatedopenings2024 won by checkmate"]

1. d4 Nf6 2. c4 g6 3. Nc3 Bg7 4. e4 d6 5. f4 c5 6. dxc5 dxc5 7. Qxd8+ Kxd8 8. e5 Nfd7 9. Nf3 Nc6 10. Be3 b6 11.
O-O-O e6 12. Ng5 Ke7 13. Be2 h6 14. Nge4 Ba6 15. b3 Rad8 16. Rd2 Ndxe5 17. fxe5 Bxe5 18. Rxd8 Rxd8 19. Bxh6 Rh8 20. Bd2 f5 21. Ng5 Rxh2 22. Rxh2 Bxh2 23. Nb5 Bxb5 24. cxb5 Nd4 25. Bc4 Kf6 26. Be3 e5 27. Bxd4 cxd4 28. Ne6 d3 29.
Nd8 e4 30. Nc6 f4 31. a4 Bg1 32. b4 g5 33. Nxa7 g4 34. Nc6 f3 35. gxf3 g3 36.
fxe4 g2 37. e5+ Kg7 38. e6 Be3+ 39. Kb2 g1=Q 40. e7 Qc1+ 41. Ka2 Qc2+ 42. Ka3 Bc1# 0-1

[Event "Live Chess"]
[Site "Chess.com"]
[Date "2024.06.01"]
[Round "-"]
[White "Stanbad1"]
[Black "jimwad"]
[Result "1-0"]
[WhiteElo "2678"]
[BlackElo "1230"]
[TimeControl "300"]
[EndTime "10:56:27 PDT"]
[Termination "Stanbad1 won by resignation"]

1. d4 d5 2. Nc3 Nf6 3. Bf4 e6 4. Nb5 Bd6 5. Nxd6+ cxd6 6. e3 O-O 7. c3 Nc6 8. h3 h6 9. Nf3 Ne7 10. Bd3 Ng6 11.
Bxg6 fxg6 12. Qd3 Qe8 13. Bxd6 Rf7 14. Ne5 Ne4 15. Nxf7 Kxf7 16. Bh2 Kg8 17. O-O Qf7 18. f3 Nf6 19. e4 dxe4 20. fxe4 b6 21. e5 Nd5 22.
Rxf7 1-0

[Event "Live Chess"]
[Site "Chess.com"]
[Date "2024.06.01"]
[Round "-"]
[White "IanCalvert2"]
[Black "McFim"]
[Result "0-1"]
[WhiteElo "1447"]
[BlackElo "1580"]
[TimeControl "300"]
[EndTime "10:56:37 PDT"]
[Termination "McFim won on time"]

1. b3 d5 2. Bb2 Nf6 3. Nf3 e6 4. e3 Be7 5. d4 Nbd7 6. Bd3 O-O 7. Nbd2 b6 8. O-O Bb7 9. Ne5 Nxe5 10. dxe5 Nd7 11. f4 g6 12. e4 Nc5 13. Qe2 Nxd3 14. cxd3 dxe4 15. Nxe4 Bd5 16. Nf6+ Bxf6 17. exf6 h6 18. Qg4 Kh7 19. Qh4 Rh8 20. g4 Kg8 21. f5 exf5 22. gxf5 g5 23. Qg3 Kh7 24. Rac1 c6 25. Rfe1 Re8 26. Rxe8 Qxe8 27. Re1 Qg8 28. Re7 a5 29. Qe5 a4 30. b4 b5 31. a3 Rc8 32.
Bd4 Rd8 33. Bc5 Bb3 34. Bd6 Bd5 35. Rc7 g4 36. Qe7 g3 37. h3 h5 38. Rd7 Rxd7 39.
Qxd7 h4 40. Qe7 Kh8 0-1

[Event "Live Chess"]
[Site "Chess.com"]
[Date "2024.06.01"]
[Round "-"]
[White "PureDashingOctopus"]
[Black "Ninifu"]
[Result "1-0"]
[WhiteElo "2241"]
[BlackElo "2025"]
[TimeControl "300"]
[EndTime "10:56:45 PDT"]
[Termination "PureDashingOctopus won by resignation"]

1. e4 d5 2. exd5 Nf6 3. Nf3 Bg4 4. Bb5+ Nbd7 5. h3 Bh5 6. g4 Bg6 7. Ne5 a6 8. Bxd7+ Nxd7 9. Nxg6 hxg6 10. d4 Nf6 11. c4 Qd7 12. Nc3 Nxg4 13. Bd2 Nf6 14.
Qf3 Qf5 15. Qxf5 gxf5 16. Bf4 O-O-O 17. O-O-O g6 18. Kc2 Bh6 19. Be5 Rh7 20. Bxf6 exf6 21. c5 Bf4 22. Kd3 Rdh8 23. Kc4 Rxh3 24. Rxh3 Rxh3 25.
Re1 Kd7 26. Re2 Rf3 27. d6 cxd6 28. Nd5 dxc5 29. Re7+ Kd8 30. Kxc5 Rxf2 31. Rxf7 Rxb2 32. Nxf4 Rc2+ 33. Kd5 Rc6 34. Ne6+ Kc8 35. Rxf6 1-0

[Event "Live Chess"]
[Site "Chess.com"]
[Date "2024.06.01"]
[Round "-"]
[White "Enhard"]
[Black "OliWally08"]
[Result "1-0"]
[WhiteElo "1441"]
[BlackElo "1262"]
[TimeControl "300"]
[EndTime "10:56:48 PDT"]
[Termination "Enhard won by resignation"]

1. d4 Nf6 2. Bg5 e6 3. e4 h6 4. Bxf6 Qxf6 5. e5 Qg5 6. Nf3 Qh5 7. Nbd2 Nc6 8. c3 d5 9. Be2 Qg6 10. O-O Ne7 11. Nh4 Qg5 12. Ndf3 Qf4 13. g3 Qe4 14.
Nd2 Qh7 15. Nb3 b6 16. Bd3 g6 17. Ng2 Bb7 18. Ne3 c5 19. Ng4 Bg7 20. Bc2 c4 21. Nd2 Nf5 22. Bxf5 exf5 23. Ne3 O-O 24. f4 b5 25. a3 a6 26. Nf3 Rfe8 27. Ne1 Kh8 28. N1c2 f6 29. Nb4 fxe5 30. dxe5 Qg8 31. Nexd5 Bxd5 32. Qxd5 Qxd5 33. Nxd5 Red8 34. Ne7 Kh7 35. Rfd1 Bf8 36. Nc6 Rxd1+ 37. Rxd1 Rc8 38. Nd4 Rd8 39.
Kf1 Bc5 40. Ke2 Bxd4 41. Rxd4 Rxd4 42. cxd4 Kg7 43. Kd2 Kf7 44. Kc3 Ke6 45. Kb4 Kd5 46. Kc3 g5 47. h3 a5 48. b3 cxb3 49. Kxb3 gxf4 50. gxf4 h5 51. h4 Ke6 52. Kc3 Kd5 53. Kd3 b4 54. axb4 axb4 55. Kc2 Ke6 56. Kb3 Kd5 57.
Kxb4 Ke6 58. Kc5 Ke7 59. d5 Kd7 60. e6+ Ke7 61. Kc6 Kd8 62. Kd6 Ke8 63. Kc7 Ke7 64.
d6+ Kxe6 65. d7 Kd5 66. d8=Q+ Ke4 67. Qg5 Kf3 68. Qxf5 Kg3 69. Qxh5 Kxf4 70. Qg6 Ke5 71. Kd7 Kd5 72. Qg5+ Ke4 73. Ke6 1-0

[Event "Live Chess"]
[Site "Chess.com"]
[Date "2024.06.01"]
[Round "-"]
[White "Rusty_Bridges"]
[Black "chessfiction"]
[Result "0-1"]
[WhiteElo "1497"]
[BlackElo "2411"]
[TimeControl "300"]
[EndTime "10:56:49 PDT"]
[Termination "chessfiction won on time"]

1. e4 c6 2. Nf3 d5 3. exd5 cxd5 4. Bb5+ Nc6 5. O-O Nf6 6. d4 Bg4 7. Bf4 e6 8. Nbd2 Bd6 9. Bxd6 Qxd6 10. Qe1 O-O-O 11.
Bxc6 Qxc6 12. Ne5 Qc7 13. b4 Bf5 14. Nd3 Ng4 15. g3 h5 16. Nf3 h4 17. Nfe5 Nxh2 18.
Kxh2 hxg3+ 19. Kxg3 Rh3+ 20. Kg2 Rdh8 21. f3 Rh2+ 22.
Kg1 Qxc2 23. Nf2 Rh1+ 24. Kg2 R8h2+ 25. Kg3 Rh3+ 26. Kg2 R1h2+ 27. Kg1 Qb2 28. Rc1+ Kd8 29. Nxf7+ Ke8 30. Nd6+ Kd7 31. Nxf5 exf5 32. Qe5 Rh1+ 33.
Kg2 R3h2+ 34. Qxh2 Rxh2+ 35. Kxh2 Qxd4 36. Kg2 Qxb4 37. Rcd1 d4 38. Nh3 Qa3 39. Nf4 Qxa2+ 40. Rf2 Qa4 41. Rdd2 Kc7 42. Nd5+ Kd6 43. Nf4 b6 44.
Rd3 Kc7 45. Rfd2 Kb7 46. Rxd4 Qb5 47. Rd7+ Kc8 48. Rd8+ Kc7 49. R8d7+ Qxd7 50. Rxd7+ Kxd7 51. Nd5 Kd6 0-1

[Event "Live Chess"]
[Site "Chess.com"]
[Date "2024.06.01"]
[Round "-"]
[White "LL220284LL"]
[Black "JohanKjeldahl"]
[Result "1-0"]
[WhiteElo "2583"]
[BlackElo "1851"]
[TimeControl "300"]
[EndTime "10:56:54 PDT"]
[Termination "LL220284LL won by resignation"]

1. b3 e5 2. Bb2 d6 3. e3 Nf6 4. Nf3 g6 5. d4 Nbd7 6. dxe5 dxe5 7. Nxe5 Nxe5 8. Bxe5 Bg7 9. Qxd8+ Kxd8 10. Nc3 c6 11.
O-O-O+ Ke7 12. f3 Be6 13. Bd6+ Ke8 14. Na4 b6 15. Ba6 Nd5 16. Bb7 Rd8 17. Bxc6+ 1-0

[Event "Live Chess"]
[Site "Chess.com"]
[Date "2024.06.01"]
[Round "-"]
[White "NottheBishopSacrifice"]
[Black "ProfPoisson"]
[Result "1-0"]
[WhiteElo "2221"]
[BlackElo "1236"]
[TimeControl "300"]
[EndTime "10:57:01 PDT"]
[Termination "NottheBishopSacrifice won by checkmate"]

1. Nf3 e6 2. g3 f5 3. Bg2 Nf6 4. O-O Be7 5. d4 O-O 6. c4 d6 7.
Nc3 Ne4 8. Qc2 Nxc3 9. Qxc3 Bf6 10. Bf4 c5 11. Qd2 Qe8 12. dxc5 e5 13. Be3 dxc5 14.
Bxc5 Rf7 15. e4 Na6 16. Ba3 f4 17. gxf4 Bg4 18. fxe5 Bxf3 19. exf6 Bxg2 20. Kxg2 Qxe4+ 21. f3 Qg6+ 22. Kh1 Rxf6 23. Rg1 Qf5 24. Raf1 Qe6 25. Qg2 Rg6 26. Qc2 Rc8 27. Rxg6 hxg6 28. Rg1 Rxc4 29. Qxg6 Qf7 30. Qxf7+ Kxf7 31. Rd1 Rc2 32. Rd7+ Ke6 33. Rxb7 Nc5 34. Rc7 Rc1+ 35. Kg2 Rc2+ 36. Kh3 Kd5 37.
Rxc5+ Rxc5 38. Bxc5 Kxc5 39. Kg4 Kc4 40. h4 Kd3 41. f4 Kc2 42. f5 Kxb2 43. f6 gxf6 44. h5 a5 45. h6 Kxa2 46. h7 Kb3 47. h8=Q a4 48. Qxf6 a3 49. Qa1 a2 50. Kf3 Kc2 51. Qxa2+ Kd1 52. Ke3 Ke1 53. Qe2# 1-0

[Event "Live Chess"]
[Site "Chess.com"]
[Date "2024.06.01"]
[Round "-"]
[White "willc-h99"]
[Black "KwikPhoenix"]
[Result "1-0"]
[WhiteElo "2646"]
[BlackElo "2454"]
[TimeControl "300"]
[EndTime "10:57:07 PDT"]
[Termination "willc-h99 won by resignation"]

1. d4 f5 2. Bg5 h6 3. Bh4 g5 4. e3 Nf6 5. Bg3 Bg7 6. h4 Ne4 7. Qh5+ Kf8 8. hxg5 Nxg3 9. fxg3 e6 10. Nf3 Qe7 11.
Nh4 Qb4+ 12. Nd2 Qxb2 13. Rb1 Qc3 14. Ng6+ Kg8 15. Ne7+ Kf8 16. Ng6+ Kg8 17. Nxh8 Qxe3+ 18. Kd1 Kxh8 19. Qe8+ Bf8 1-0

[Event "Live Chess"]
[Site "Chess.com"]
[Date "2024.06.01"]
[Round "-"]
[White "Mangoalo"]
[Black "educatedlad"]
[Result "0-1"]
[WhiteElo "1013"]
[BlackElo "1758"]
[TimeControl "300"]
[EndTime "10:57:08 PDT"]
[Termination "educatedlad won by checkmate"]

1. e3 g6 2. Bc4 Bg7 3. Nc3 d5 4. d4 dxc4 5. Qd2 Nc6 6. Nge2 Bf5 7. O-O Nb4 8. a3 Nxc2 9. Rb1 Nxd4 10. Nxd4 Bxb1 11.
Nxb1 Bxd4 12. exd4 Nf6 13. Nc3 O-O 14. f4 c5 15. d5 b5 16. f5 b4 17. fxg6 fxg6 18. axb4 cxb4 19. Rxf6 exf6 20. Ne4 Re8 21. Qd4 Re5 22.
Bf4 Rxe4 23. Qxe4 Qb6+ 24. Be3 Qd6 25. h3 c3 26. bxc3 bxc3 27. Bh6 Kf7 28. g4 Re8 29. Qd4 Qg3+ 30. Kf1 Re1# 0-1